 Dungeon Crawl Stone Soup version 0.30-a0-329-g85436e0a43 (webtiles) character file.

Game seed: 14751363640976580821

23 lunkers the Digger (level 3, 0/26 HPs)
             Began as a Meteoran Earth Elementalist on Oct 28, 2022.
             Slain by Terence
             ... wielding a +0 mace
              (5 damage)
             ... on level 2 of the Dungeon.
             The game lasted 00:01:07 (313 turns).

lunkers the Digger (Meteoran Earth Elementalist)     Turns: 313, Time: 00:01:07

Health: 0/26       AC:  2    Str:  9    XL:     3   Next: 29%
Magic:  4/8        EV: 12    Int: 19    God:
Gold:   20         SH:  0    Dex: 14    Spells: 7/8 levels left

rFire   . . .      SeeInvis .    (no weapon)
rCold   . . .      Faith    .    (no shield)
rNeg    . . .      Spirit   .    a - +0 robe
rPois   .          Reflect  .    (no helmet)
rElec   .          Harm     .    (no cloak)
rCorr   .          Rampage  .    (no gloves)
Will    .....                    (no boots)
Stlth   +.........               (no amulet)
HPRegen 0.24/turn                (no ring)
MPRegen 0.11/turn                (no ring)

@: very slightly contaminated, glowing
A: sense surroundings 1, otherworldly, glowing, explore regen
a: no special abilities


You were on level 2 of the Dungeon.
You visited 1 branch of the dungeon, and saw 2 of its levels.

You collected 20 gold pieces.

Inventory:

Armour
 a - a +0 robe (worn)
Scrolls
 c - a scroll of immolation {unknown}
 e - 2 scrolls of identify {unknown}
 f - a scroll of magic mapping {unknown}
 g - a scroll of enchant weapon {unknown}
Potions
 b - a potion of magic
 d - 2 potions of curing {unknown}


   Skills:
 - Level 2.4 Dodging
 - Level 1.4 Stealth
 + Level 3.2 Spellcasting
 - Level 1.2 Transmutations
 * Level 4.5 Earth Magic


You had 7 spell levels left.
You knew the following spells:

 Your Spells              Type           Power      Damage    Failure   Level
a - Sandblast             Erth           40%        2d10      2%          1

Your spell library contained the following spells:

 Spells                   Type           Power      Damage    Failure   Level
 Passwall                 Tmut/Erth      11%        N/A       7%          2
 Stone Arrow              Conj/Erth      22%        3d8       17%         3
 Frozen Ramparts          Ice            6%         1d1       41%         3
 Petrify                  Tmut/Erth      14%        N/A       41%         4
 Ice Form                 Ice/Tmut       5%         N/A       75%         4
 Summon Ice Beast         Ice/Summ       3%         N/A       83%         4


Dungeon Overview and Level Annotations

Branches:
Dungeon (2/15) Zot: 874

Altars:

Annotations:
D:2 Terence


Innate Abilities, Weirdness & Mutations

You passively map a small area around you.
You are easily found by Zot.
You glow in the dark.
You regain HP and MP as you explore.


Message History

Terence shouts!
You hear an angry hiss.
Casting: Sandblast (safe; 2% risk of failure)
Confirm with . or Enter, or press ? or * to list all spells.
Okay, then.
Casting: Sandblast (safe; 2% risk of failure)
Confirm with . or Enter, or press ? or * to list all spells.
The blast of sand misses Terence.
Casting: Sandblast (safe; 2% risk of failure)
Confirm with . or Enter, or press ? or * to list all spells.
The blast of sand misses Terence.
A ball python comes into view.
Terence hits you with a +0 mace.
Casting: Sandblast (safe; 2% risk of failure)
Confirm with . or Enter, or press ? or * to list all spells.
The blast of sand hits Terence but does no damage.
The ball python hisses angrily.
A goblin comes into view. It is wielding a +0 club.
Terence shouts, "Now you die!" Terence hits you with a +0 mace!
* * * LOW HITPOINT WARNING * * *
Aiming: Sandblast (safe; 2% risk of failure)
Press: ? - help, Q - select action Shift-Dir - straight line, f/p - Terence
Aim: Terence, wielding a +0 mace and wearing a +1 chain mail of fire resistance (87% to hit)
The blast of sand misses Terence.
The goblin shouts!
Terence hits you with a +0 mace.
* * * LOW HITPOINT WARNING * * *
Terence hits you with a +0 mace.
* * * LOW HITPOINT WARNING * * *
Aiming: Sandblast (safe; 2% risk of failure)
Press: ? - help, Q - select action Shift-Dir - straight line, f/p - Terence
Aim: Terence, wielding a +0 mace and wearing a +1 chain mail of fire resistance (87% to hit)
You miscast Sandblast.
You are very lightly contaminated with residual magic.
Nothing appears to happen.
Terence barely misses you.
Unknown command.
Terence attacks as you move away! Terence hits you but does no damage.
Terence attacks as you move away! Terence hits you with a +0 mace.
You die...

#...# ...#* , *
, .>...##..# **
......#..##
..........# * ,
..........# * *
,, ..........##
* ,
!..........####
......S@......#
, *
.......#@..##...
, .......#...# *
.......#<..#
.......#####
.)..... *
.......* ).....#
*


You could see Terence and a ball python.

Vanquished Creatures
  A dart slug (D:1)
  4 endoplasms
  A giant cockroach (D:1)
  A goblin (D:1)
  2 hobgoblins (D:1)
  2 jackals (D:1)
  A kobold (D:1)
  A quokka (D:1)
  3 ball pythons
  A frilled lizard (D:1)
17 creatures vanquished.

Notes
Turn   | Place    | Note
-------+----------+-------------------------------------------
     0 | D:1      | lunkers the Meteoran Earth Elementalist began the quest for
                  | the Orb.
     0 | D:1      | Reached XP level 1. HP: 14/14 MP: 5/5
    53 | D:1      | Reached XP level 2. HP: 8/20 MP: 0/6
    58 | D:1      | Reached skill level 4 in Earth Magic
   241 | D:1      | Reached XP level 3. HP: 26/26 MP: 4/8
   306 | D:2      | Noticed Terence
   313 | D:2      | Slain by Terence

Illustrated notes

Levels and vault maps discovered:
D:1:      ncdulo_smallfort, layout_loops_ring
D:2:      layout_rooms, nicolae_shop_unique_rings, st_stairs_5, uniq_terence

Skill      XL: |  1  2 |
---------------+-------+-----
Earth Magic    | 4 |  4.5
Spellcasting   | 3 |  3.2
Dodging        | |  2.4
Stealth        | |  1.4
Transmutations | |  1.2

Action                   || total
-------------------------++-------
 Cast: Sandblast         ||    26
Armor: Robe              ||     3
Dodge: Dodged            ||     3

Table legend: (Time is in decaauts)
 A = Elapsed time spent in this place.
 B = Non-inter-level travel time spent in this place.
 C = Inter-level travel time spent in this place.
 D = Time resting spent in this place.
 E = Time spent auto-exploring this place.
 F = Levels seen in this place.
 G = Mean time per level.
                   A        B        C        D        E       F      G
               +--------+--------+--------+--------+--------+-----+--------+
         Total |    325 |    325 |      0 |      0 |    231 |   2 |  162.5 |
       Dungeon |    325 |    325 |      0 |      0 |    231 |   2 |  162.5 |
               +--------+--------+--------+--------+--------+-----+--------+

Top non-repeatable levels by time:
     D:1: 310 daAuts
     D:2: 15 daAuts
